TOP OF THE 1ST |
Cincinnati (NYP) Reds batting - Pitching for Salem-Keizer Volcanoes : RHP Rick Madden
|
Pitching: RHP Rick Madden
|
|
Batting: RHB Marcus Carter
|
0-0: Called Strike 0-1: Ball 1-1: Called Strike 1-2: Strikes out swinging
|
Batting: RHB Dave Ruiz
|
0-0: Ball 1-0: Ball 2-0: Foul Ball, location: 2F 2-1: Foul Ball, location: 2F 2-2: Strikes out swinging
|
Batting: SHB Bryan Johnston
|
0-0: Ball 1-0: Foul Ball, location: 2F 1-1: Called Strike 1-2: SINGLE (Groundball, 6D, EV 96.9 MPH)
|
Batting: RHB Jamie Ingram
|
0-0: Ball Bryan Johnston steals 2nd base 1-0: Ground out 2-3 (Groundball, 15S, EV 68.1 MPH)
|
Top of the 1st over - 0 runs, 1 hit, 0 errors, 1 left on base; Cincinnati (NYP) 0 - Salem-Keizer 0 |
BOTTOM OF THE 1ST |
Salem-Keizer Volcanoes batting - Pitching for Cincinnati (NYP) Reds : LHP Jerry Nero
|
Pitching: LHP Jerry Nero
|
|
Batting: LHB Pat Aviles
|
0-0: Foul Ball, location: 2F 0-1: Ball 1-1: Ground out 6-3 (Groundball, 6MD, EV 106.9 MPH)
|
Batting: RHB Justin Baldwin
|
0-0: Ground out 6-3 (Groundball, 6, EV 102.5 MPH)
|
Batting: RHB Mike Buchanan
|
0-0: DOUBLE (Line Drive, 7LM, EV 95.0 MPH)
|
Batting: RHB Jason Gregor
|
0-0: Ball 1-0: Ball 2-0: Foul Ball, location: 2F 2-1: Swinging Strike 2-2: Foul Ball, location: 2F 2-2: Ball 3-2: Ground out 3-1 (Groundball, 34, EV 103.1 MPH)
|
Bottom of the 1st over - 0 runs, 1 hit, 0 errors, 1 left on base; Cincinnati (NYP) 0 - Salem-Keizer 0 |
TOP OF THE 2ND |
Cincinnati (NYP) Reds batting - Pitching for Salem-Keizer Volcanoes : RHP Rick Madden
|
Batting: RHB Kagetoki Kawai
|
0-0: Ball 1-0: Ball 2-0: Called Strike 2-1: Foul Ball, location: 2F 2-2: Foul Ball, location: 2F 2-2: Strikes out swinging
|
Batting: RHB Bill Hainey
|
0-0: Foul Ball, location: 2F 0-1: SINGLE (Line Drive, 89S, EV 102.5 MPH)
|
Batting: LHB Josiah Leath
|
0-0: Ball 1-0: Ball 2-0: Ball 3-0: Base on Balls Bill Hainey to second
|
Batting: RHB Chae-seong Lee
|
0-0: Foul Ball, location: 2F 0-1: Ball 1-1: Ball 2-1: Called Strike 2-2: Grounds into double play, 5-4-3 (Groundball, 5, EV 89.4 MPH)
|
Top of the 2nd over - 0 runs, 1 hit, 0 errors, 1 left on base; Cincinnati (NYP) 0 - Salem-Keizer 0 |
BOTTOM OF THE 2ND |
Salem-Keizer Volcanoes batting - Pitching for Cincinnati (NYP) Reds : LHP Jerry Nero
|
Batting: RHB Sam Smith
|
0-0: Ball 1-0: Ball 2-0: Called Strike 2-1: Foul Ball, location: 2F 2-2: Foul Ball, location: 2F 2-2: Foul Ball, location: 2F 2-2: Foul Ball, location: 2F 2-2: Ground out 6-3 (Groundball, 56, EV 77.5 MPH)
|
Batting: RHB Justin Layton
|
0-0: Called Strike 0-1: Foul Ball, location: 2F 0-2: Strikes out swinging
|
Batting: RHB Gabe Ochoa
|
0-0: Ball 1-0: SINGLE (Flyball, 5D, EV 85.6 MPH)
|
Batting: LHB John Whitman
|
0-0: Ball 1-0: Called Strike 1-1: Ball 2-1: Foul Ball, location: 2F 2-2: Strikes out looking
|
Bottom of the 2nd over - 0 runs, 1 hit, 0 errors, 1 left on base; Cincinnati (NYP) 0 - Salem-Keizer 0 |
TOP OF THE 3RD |
Cincinnati (NYP) Reds batting - Pitching for Salem-Keizer Volcanoes : RHP Rick Madden
|
Batting: RHB Alfredo Razo
|
0-0: SINGLE (Groundball, 34D, EV 101.9 MPH)
|
Batting: RHB Marcus Carter
|
0-0: Ball Alfredo Razo steals 2nd base 1-0: Called Strike Alfredo Razo steals 3rd base 1-1: Swinging Strike 1-2: Fly out, F9 (Flyball, 9S, EV 88.8 MPH)
|
Batting: RHB Dave Ruiz
|
0-0: Swinging Strike 0-1: Ball 1-1: Swinging Strike 1-2: Strikes out looking
|
Batting: SHB Bryan Johnston
|
0-0: Called Strike 0-1: Ball 1-1: Called Strike 1-2: Ball 2-2: Ball 3-2: Ground out U3 (Groundball, 3, EV 88.8 MPH)
|
Top of the 3rd over - 0 runs, 1 hit, 0 errors, 1 left on base; Cincinnati (NYP) 0 - Salem-Keizer 0 |
BOTTOM OF THE 3RD |
Salem-Keizer Volcanoes batting - Pitching for Cincinnati (NYP) Reds : LHP Jerry Nero
|
Batting: RHB Alfredo Lemus
|
0-0: Ball 1-0: Called Strike 1-1: Called Strike 1-2: DOUBLE (Groundball, 3L, EV 103.1 MPH)
|
Batting: LHB Pat Aviles
|
0-0: Called Strike 0-1: Swinging Strike 0-2: Ball 1-2: SINGLE (Flyball, 89S, EV 96.2 MPH) Alfredo Lemus to third Throwing error, E8 Alfredo Lemus scores Pat Aviles to second
|
Batting: RHB Justin Baldwin
|
0-0: Called Strike 0-1: Ball 1-1: Called Strike 1-2: Foul Ball, location: 2F 1-2: Ball 2-2: Ball 3-2: DOUBLE (Flyball, 8RXD, EV 113.1 MPH) Pat Aviles scores
|
Batting: RHB Mike Buchanan
|
0-0: Ball 1-0: SINGLE (Groundball, 5S, EV 69.4 MPH) (infield hit) Justin Baldwin to third
|
Batting: RHB Jason Gregor
|
0-0: Ball 1-0: Called Strike 1-1: Ball 2-1: Ball 3-1: Called Strike 3-2: Fly out, F8 (Flyball, 8RD, EV 98.8 MPH) Runner from 3rd tags up, SCORES, throw by CF
|
Batting: RHB Sam Smith
|
0-0: Ball 1-0: Foul Ball, location: 2F 1-1: Foul Ball, location: 2F 1-2: Strikes out swinging
|
Batting: RHB Justin Layton
|
0-0: Ball Mike Buchanan steals 2nd base 1-0: Called Strike 1-1: SINGLE (Line Drive, 89M, EV 103.8 MPH) Mike Buchanan to third Runner from 3rd tries for Home, SAFE, throw by CF to home
|
Batting: RHB Gabe Ochoa
|
0-0: Ball 1-0: Ball 2-0: Foul Ball, location: 2F 2-1: Fly out, F7 (Flyball, 7, EV 95.6 MPH)
|
Bottom of the 3rd over - 4 runs, 5 hits, 1 error, 1 left on base; Cincinnati (NYP) 0 - Salem-Keizer 4 |
TOP OF THE 4TH |
Cincinnati (NYP) Reds batting - Pitching for Salem-Keizer Volcanoes : RHP Rick Madden
|
Batting: RHB Jamie Ingram
|
0-0: Called Strike 0-1: Foul Ball, location: 2F 0-2: Ground out 6-3 (Groundball, 6, EV 80.6 MPH)
|
Batting: RHB Kagetoki Kawai
|
0-0: Ball 1-0: Ball 2-0: Ball 3-0: Ground out 6-3 (Groundball, 6, EV 83.1 MPH)
|
Batting: RHB Bill Hainey
|
0-0: Ground out 5-3 (Groundball, 5, EV 103.1 MPH)
|
Top of the 4th over - 0 runs, 0 hits, 0 errors, 0 left on base; Cincinnati (NYP) 0 - Salem-Keizer 4 |
BOTTOM OF THE 4TH |
Salem-Keizer Volcanoes batting - Pitching for Cincinnati (NYP) Reds : LHP Jerry Nero
|
Batting: LHB John Whitman
|
0-0: Swinging Strike 0-1: Called Strike 0-2: Foul Ball, location: 2F 0-2: Ground out U3 (Groundball, 34, EV 80.6 MPH)
|
Batting: RHB Alfredo Lemus
|
0-0: Swinging Strike 0-1: Fly out, F7 (Flyball, 7, EV 83.8 MPH)
|
Batting: LHB Pat Aviles
|
0-0: Ball 1-0: Ball 2-0: Called Strike 2-1: Ball 3-1: Called Strike 3-2: Foul Ball, location: 2F 3-2: Foul Ball, location: 2F 3-2: Ground out U3 (Groundball, 3L, EV 86.9 MPH)
|
Bottom of the 4th over - 0 runs, 0 hits, 0 errors, 0 left on base; Cincinnati (NYP) 0 - Salem-Keizer 4 |
TOP OF THE 5TH |
Cincinnati (NYP) Reds batting - Pitching for Salem-Keizer Volcanoes : RHP Rick Madden
|
Batting: LHB Josiah Leath
|
0-0: Called Strike 0-1: Ball 1-1: Called Strike 1-2: Ball 2-2: Ground out 4-3 (Groundball, 4, EV 86.2 MPH)
|
Batting: RHB Chae-seong Lee
|
0-0: Ball 1-0: Ball 2-0: Fly out, F7 (Flyball, 7S, EV 69.4 MPH)
|
Batting: RHB Alfredo Razo
|
0-0: Called Strike 0-1: Called Strike 0-2: Ball 1-2: Ball 2-2: Strikes out swinging
|
Top of the 5th over - 0 runs, 0 hits, 0 errors, 0 left on base; Cincinnati (NYP) 0 - Salem-Keizer 4 |
BOTTOM OF THE 5TH |
Salem-Keizer Volcanoes batting - Pitching for Cincinnati (NYP) Reds : LHP Jerry Nero
|
Batting: RHB Justin Baldwin
|
0-0: Ground out 6-3 (Groundball, 6, EV 89.4 MPH)
|
Batting: RHB Mike Buchanan
|
0-0: Foul Ball, location: 2F 0-1: Ground out 6-3 (Groundball, 6, EV 80.6 MPH)
|
Batting: RHB Jason Gregor
|
0-0: Ball 1-0: SINGLE (Flyball, 34D, EV 85.6 MPH) - OUT at second base trying to stretch hit.
|
Bottom of the 5th over - 0 runs, 1 hit, 0 errors, 0 left on base; Cincinnati (NYP) 0 - Salem-Keizer 4 |
TOP OF THE 6TH |
Cincinnati (NYP) Reds batting - Pitching for Salem-Keizer Volcanoes : RHP Rick Madden
|
Batting: RHB Marcus Carter
|
0-0: Ground out U3 (Groundball, 3, EV 86.9 MPH)
|
Batting: RHB Dave Ruiz
|
0-0: SOLO HOME RUN (Flyball, 7D, EV 103.8 MPH), Distance : 406 ft
|
Batting: SHB Bryan Johnston
|
0-0: Ball 1-0: Ball 2-0: Ground out 5-3 (Groundball, 56, EV 91.2 MPH)
|
Batting: RHB Jamie Ingram
|
0-0: Ball 1-0: Ball 2-0: Ground out 6-3 (Groundball, 6, EV 86.2 MPH)
|
Top of the 6th over - 1 run, 1 hit, 0 errors, 0 left on base; Cincinnati (NYP) 1 - Salem-Keizer 4 |
BOTTOM OF THE 6TH |
Salem-Keizer Volcanoes batting - Pitching for Cincinnati (NYP) Reds : LHP Jerry Nero
|
Batting: RHB Sam Smith
|
0-0: Ball 1-0: Ground out 6-3 (Groundball, 6, EV 103.8 MPH)
|
Batting: RHB Justin Layton
|
0-0: Foul Ball, location: 2F 0-1: Called Strike 0-2: Strikes out swinging
|
Batting: RHB Gabe Ochoa
|
0-0: Called Strike 0-1: DOUBLE (Flyball, 8RD, EV 98.1 MPH)
|
Batting: LHB John Whitman
|
0-0: Swinging Strike 0-1: Ball 1-1: Ground out 3-1 (Groundball, 34, EV 80.6 MPH)
|
Bottom of the 6th over - 0 runs, 1 hit, 0 errors, 1 left on base; Cincinnati (NYP) 1 - Salem-Keizer 4 |
TOP OF THE 7TH |
Cincinnati (NYP) Reds batting - Pitching for Salem-Keizer Volcanoes : RHP Rick Madden
|
Pitching: RHP Lorenzo de Jesus
|
|
Batting: RHB Kagetoki Kawai
|
0-0: Ball 1-0: Ball 2-0: Called Strike 2-1: Fly out, F4 (Flyball, 34D, EV 82.5 MPH)
|
Batting: RHB Bill Hainey
|
0-0: Swinging Strike 0-1: Ball 1-1: Ball 2-1: Called Strike 2-2: Strikes out looking
|
Batting: LHB Josiah Leath
|
0-0: Ball 1-0: Called Strike 1-1: Ball 2-1: Foul Ball, location: 2F 2-2: Strikes out swinging
|
Top of the 7th over - 0 runs, 0 hits, 0 errors, 0 left on base; Cincinnati (NYP) 1 - Salem-Keizer 4 |
BOTTOM OF THE 7TH |
Salem-Keizer Volcanoes batting - Pitching for Cincinnati (NYP) Reds : LHP Jerry Nero
|
Batting: RHB Alfredo Lemus
|
0-0: Ball 1-0: Ground out 4-3 (Groundball, 4, EV 86.2 MPH)
|
Batting: LHB Pat Aviles
|
0-0: Foul Ball, location: 2F 0-1: Called Strike 0-2: Foul Ball, location: 2F 0-2: Strikes out looking
|
Batting: RHB Justin Baldwin
|
0-0: Called Strike 0-1: Ball 1-1: Foul Ball, location: 2F 1-2: Foul Ball, location: 2F 1-2: Ball 2-2: Ball 3-2: Foul Ball, location: 2F 3-2: Foul Ball, location: 2F 3-2: Ground out 4-3 (Groundball, 4, EV 85.0 MPH)
|
Bottom of the 7th over - 0 runs, 0 hits, 0 errors, 0 left on base; Cincinnati (NYP) 1 - Salem-Keizer 4 |
TOP OF THE 8TH |
Cincinnati (NYP) Reds batting - Pitching for Salem-Keizer Volcanoes : RHP Lorenzo de Jesus
|
Batting: RHB Chae-seong Lee
|
0-0: Foul Ball, location: 2F 0-1: SINGLE (Flyball, 5D, EV 86.9 MPH)
|
Pinch Hitting: SHB Jeffrey Louter
|
0-0: Ball 1-0: Called Strike 1-1: Reached on error, E6 (Groundball, 6, EV 105.0 MPH) Chae-seong Lee to second
|
Batting: RHB Marcus Carter
|
0-0: Called Strike 0-1: Swinging Strike 0-2: Foul Ball, location: 2F 0-2: Ball 1-2: Ball 2-2: Strikes out swinging
|
Batting: RHB Dave Ruiz
|
0-0: Grounds into double play, 6-4-3 (Groundball, 6, EV 86.2 MPH)
|
Top of the 8th over - 0 runs, 1 hit, 1 error, 1 left on base; Cincinnati (NYP) 1 - Salem-Keizer 4 |
BOTTOM OF THE 8TH |
Salem-Keizer Volcanoes batting - Pitching for Cincinnati (NYP) Reds : LHP Jerry Nero
|
Pitching: RHP Joaquin Villalobos
|
|
Now in CF: Pete Orban
|
|
Batting: RHB Mike Buchanan
|
0-0: Ball 1-0: Fly out, F5 (Line Drive, 5, EV 69.4 MPH)
|
Batting: RHB Jason Gregor
|
0-0: Called Strike 0-1: Ball 1-1: Ball 2-1: Ball 3-1: Base on Balls
|
Batting: RHB Sam Smith
|
0-0: Ball 1-0: Called Strike 1-1: Ball Jason Gregor steals 2nd, throwing error, E2 Jason Gregor to third 2-1: Ball 3-1: Base on Balls
|
Batting: RHB Justin Layton
|
0-0: Fly out, F4 (Line Drive, 4, EV 73.8 MPH)
|
Batting: RHB Gabe Ochoa
|
0-0: Ball 1-0: Swinging Strike 1-1: Fielders Choice at 2nd, 6-4 (Groundball, 6, EV 105.0 MPH)
|
Bottom of the 8th over - 0 runs, 0 hits, 1 error, 2 left on base; Cincinnati (NYP) 1 - Salem-Keizer 4 |
TOP OF THE 9TH |
Cincinnati (NYP) Reds batting - Pitching for Salem-Keizer Volcanoes : RHP Lorenzo de Jesus
|
Pitching: LHP Caleb Mullinax
|
|
Batting: SHB Bryan Johnston
|
0-0: Foul Ball, location: 2F 0-1: Foul Ball, location: 2F 0-2: Ball 1-2: Strikes out swinging
|
Batting: RHB Jamie Ingram
|
0-0: Fly out, F9 (Flyball, 9S, EV 86.2 MPH)
|
Batting: RHB Kagetoki Kawai
|
0-0: Called Strike 0-1: SINGLE (Groundball, 6D, EV 96.9 MPH)
|
Batting: RHB Bill Hainey
|
0-0: Ball Balk! Kagetoki Kawai to second 1-0: Ground out 6-3 (Groundball, 6, EV 81.2 MPH)
|
Top of the 9th over - 0 runs, 1 hit, 0 errors, 1 left on base; Cincinnati (NYP) 1 - Salem-Keizer 4 |
|